 Dungeon Crawl Stone Soup version 0.28.0-62-gf88900778d (webtiles) character file.

Game seed: 15092117811277711390

9663 cbfl8 the Cleaver (level 11, -14/85 HPs)
             Began as a Minotaur Fighter on July 7, 2023.
             Was a Believer of Hepliaklqana.
             Demolished by a boulder beetle (42 damage)
             ... on level 9 of the Dungeon.
             The game lasted 00:11:14 (12918 turns).

cbfl8 the Cleaver (Minotaur Fighter)               Turns: 12918, Time: 00:11:14

Health: -14/85     AC: 18    Str: 21    XL:     11   Next: 26%
Magic:  10/10      EV:  6    Int:  5    God:    Hepliaklqana [**....]
Gold:   524        SH: 11    Dex: 14    Spells: 10/10 levels left

rFire   . . .      SeeInvis .   a - +0 war axe
rCold   + . .      Faith    .   c - +0 buckler
rNeg    . . .      Spirit   .   r - +0 plate armour
rPois   .          Reflect  +   (helmet restricted)
rElec   .          Harm     .   j - +0 cloak
rCorr   .          Rampage  .   z - +1 pair of gloves
Will    .....                   (no boots)
Stlth   ..........              b - amulet of reflection
HPRegen 0.24/turn               e - ring of protection from cold
MPRegen 0.12/turn               p - ring of flight

@: flying, studying Shields
A: reduced essence, horns 2, retaliatory headbutt
a: Renounce Religion, Recall Ancestor, Ancestor Identity


You were on level 9 of the Dungeon.
You worshipped Hepliaklqana.
Hepliaklqana was pleased with you.
You visited 2 branches of the dungeon, and saw 10 of its levels.

You collected 614 gold pieces.
You spent 90 gold pieces at shops.

Inventory:

Hand Weapons
 a - a +0 war axe (weapon)
Missiles
 v - 2 javelins
Armour
 c - a +0 buckler (worn)
 j - a +0 cloak (worn)
 r - a +0 plate armour (worn)
 z - a +1 pair of gloves (worn)
Jewellery
 b - an amulet of reflection (around neck)
 e - a ring of protection from cold (left hand)
 p - a ring of flight (right hand)
Wands
 u - a wand of mindburst (18) (quivered)
 y - a wand of digging (5)
 B - a wand of iceblast (10)
 C - a wand of acid (7)
Scrolls
 f - 3 scrolls of magic mapping
 g - 6 scrolls of immolation
 l - 3 scrolls of teleportation
 m - 2 scrolls of fear
 n - 4 scrolls of blinking
 t - a scroll of silence
 w - 2 scrolls of fog
 A - a scroll of holy word {unknown}
 D - a scroll of summoning {unknown}
Potions
 d - 7 potions of might
 h - a potion of flight
 i - 4 potions of haste
 k - a potion of attraction {unknown}
 o - 2 potions of mutation {unknown}
 q - a potion of resistance {unknown}


   Skills:
 + Level 8.8 Fighting
 + Level 12.0 Axes
 * Level 4.3 Throwing
 + Level 9.3 Armour
 + Level 2.1 Stealth
 + Level 10.0 Shields
 * Level 6.7 Evocations


You had 10 spell levels left.
You didn't know any spells.
Your spell library contained the following spells:

 Spells                   Type           Power      Damage    Failure   Level
 Freeze                   Ice            0%         1d3       100%        1
 Pain                     Necr           0%         1d4       100%        1
 Corpse Rot               Necr/Air       0%         N/A       100%        2
 Dazzling Flash           Conj/Hex       0%         N/A       100%        3
 Inner Flame              Hex/Fire       0%         N/A       100%        3
 Dispel Undead            Necr           0%         3d6       100%        4
 Fulminant Prism          Conj/Hex       0%         3d6       100%        4
 Agony                    Necr           0%         N/A       100%        5
 Excruciating Wounds      Necr           0%         N/A       100%        5
 Death Channel            Necr           0%         N/A       100%        6


Dungeon Overview and Level Annotations

Branches:
Dungeon (9/15)             Temple (1/1) D:5            Lair (0/6) D:8
    Orc (0/2) D:9

Altars:
Ashenzari
Cheibriados
Dithmenos
Elyvilon
Fedhas
Gozag
Hepliaklqana
Kikubaaqudgha
Makhleb
Nemelex Xobeh
Qazlal
Ru
Sif Muna
Trog
Uskayaw
Vehumet
Wu Jian
Xom
Yredelemnul
Zin
The Shining One

Shops:
D:3 :   D:4 !   D:7 (

Annotations:
D:2 1 runed translucent door, Crazy Yiuf


Innate Abilities, Weirdness & Mutations

Your life essence is reduced to manifest your ancestor. (-10% HP)
You have a pair of horns on your head.
You reflexively headbutt those who attack you in melee.


Message History

The steam dragon claws you but does no damage.
You hit the steam dragon.
You headbutt the steam dragon, but do no damage.
The steam dragon is severely wounded.
You block the steam dragon's attack.
The steam dragon claws you but does no damage.
You barely miss the steam dragon.
The steam dragon is severely wounded.
The steam dragon bites you but does no damage.
The steam dragon claws you but does no damage.
You closely miss the steam dragon.
The steam dragon is severely wounded.
The steam dragon breathes steam at you.
The ball of steam hits you but does no damage.
You barely miss the steam dragon.
The steam dragon is severely wounded.
You are engulfed in a cloud of scalding steam.
A boulder beetle comes into view.
You hit the steam dragon. You headbutt the steam dragon.
You kill the steam dragon!
The steam dragon scales are intact enough to wear.
You are engulfed in a cloud of scalding steam.
The boulder beetle is engulfed in a cloud of scalding steam.
The boulder beetle curls into a ball and begins rolling!
Valentine points at the boulder beetle and mumbles some strange words.
The stone arrow hits the boulder beetle but does no damage.
Things that are here:
a +3 hand axe; a +0 robe
Aiming: Mindburst
Press: ? - help, Q - select action, (/) - cycle Shift-Dir - straight line, f - boulder beetle
Aim: a boulder beetle (steam, lightly wounded, rolling, ally target, chance to affect: 72%)
The boulder beetle's mind is blasted!
The boulder beetle is engulfed in a cloud of scalding steam.
Valentine hits the boulder beetle with a +0 quarterstaff!
Aiming: Mindburst
Press: ? - help, Q - select action, (/) - cycle Shift-Dir - straight line, f/p - boulder beetle
Aim: a boulder beetle (heavily wounded, rolling, ally target, chance to affect: 72%)
The boulder beetle's mind is blasted!
The boulder beetle hits you!!!
You die...

#####'#####)..# ...#
#....)....'...# .#.##
#...).))..#)..# ....# .#
+..#####§.##### ....##.#
#..#####§.+
.......#####.........#
.....# #.).'....R°...#
....####...#####B##'##
#.)....#.).#...[@#....
#......#...#.....#......
.......#.?.#.....#.[.....
.......##################
##..........#
##..........#
............#
...........##
............#


You could see the friendly Valentine the battlemage and a boulder beetle
(rolling, ally target).

Vanquished Creatures
  Joseph (D:8)
  Maggie (D:6)
  A hornet (D:9)
  11 yaks
  Eustachio (D:4)
  2 steam dragons
  Edmund (D:6)
  Duvessa (D:4)
  2 water moccasins
  6 orc warriors
  An ice beast (D:6)
  2 necrophages
  2 ogres
  2 kobold brigands
  Blork the orc (D:5)
  2 bullfrogs (D:9)
  A scorpion (D:5)
  A gnoll sergeant (D:7)
  A water moccasin skeleton (D:5)
  Dowan (D:4)
  5 killer bees
  8 wights
  A howler monkey (D:5)
  3 centaur zombies
  2 hounds (D:4)
  A gnoll shaman (D:7)
  9 orc priests
  A jelly (D:6)
  Jessica (D:2)
  Ijyb (D:4)
  4 iguanas
  9 orc wizards
  A hound skeleton (D:4)
  3 howler monkey zombies
  Robin (D:4)
  4 gnolls
  4 adders
  A shadow imp (D:7)
  3 ufetubi
  2 dart slugs (D:2)
  21 orcs
  9 ball pythons
  2 bats
  4 endoplasms (D:1)
  A giant cockroach (D:3)
  10 hobgoblins
  4 jackals (D:5)
  3 quokkas
  2 frilled lizards
  11 goblins
  12 kobolds
  6 rats
190 creatures vanquished.

Vanquished Creatures (collateral kills)
  3 two-headed ogres
  A hornet (D:8)
  A wyvern (D:8)
  3 yaks (D:8)
  A human (D:9)
  A warg (D:8)
  2 orc warriors
  A gnoll sergeant (D:9)
  A killer bee (D:8)
  A wight (D:8)
  A centaur zombie (D:9)
  3 orc priests
  A howler monkey zombie (D:9)
  5 orcs
25 creatures vanquished.

Vanquished Creatures (others)
  A battlemage (D:9)
  3 ancestors
  An orc (D:9)
  5 plants (D:7)
  5 toadstools (D:1)
15 creatures vanquished.

Grand Total: 230 creatures vanquished

Notes
Turn   | Place    | Note
-------+----------+-------------------------------------------
     0 | D:1      | cbfl8 the Minotaur Fighter began the quest for the Orb.
     0 | D:1      | Reached XP level 1. HP: 19/19 MP: 0/0
   105 | D:1      | Reached XP level 2. HP: 27/27 MP: 1/1
   122 | D:1      | Found a faded altar of an unknown god.
   132 | D:1      | Got Plato's Almanac of the Glacier
   938 | D:2      | Found a runed translucent door.
   939 | D:2      | Noticed Crazy Yiuf
   982 | D:2      | Reached XP level 3. HP: 18/33 MP: 2/2
  1165 | D:2      | Noticed Jessica
  1171 | D:2      | Killed Jessica
  1172 | D:2      | Reached skill level 1 in Evocations
  1558 | D:2      | Reached skill level 3 in Axes
  1988 | D:3      | Reached XP level 4. HP: 38/40 MP: 3/3
  2349 | D:3      | Found Histogak's Book Shop.
  2536 | D:4      | Noticed Robin
  2537 | D:4      | Noticed Eustachio
  2538 | D:4      | Found Qiokusett's Distillery.
  2544 | D:4      | Noticed Ijyb
  2549 | D:4      | Killed Robin
  2553 | D:4      | Killed Ijyb
  2554 | D:4      | Reached XP level 5. HP: 47/47 MP: 4/4
  2564 | D:4      | Killed Eustachio
  2565 | D:4      | Reached skill level 5 in Fighting
  2565 | D:4      | Reached skill level 4 in Axes
  2565 | D:4      | Reached XP level 6. HP: 50/56 MP: 5/5
  2609 | D:4      | Bought a potion of heal wounds for 50 gold pieces
  2609 | D:4      | Bought a potion of might for 40 gold pieces
  2619 | D:4      | Noticed Duvessa
  2619 | D:4      | Noticed Dowan
  2624 | D:4      | Killed Duvessa
  2625 | D:4      | Reached skill level 5 in Armour
  2631 | D:4      | Killed Dowan
  2632 | D:4      | Reached skill level 5 in Axes
  2767 | D:4      | Reached XP level 7. HP: 42/61 MP: 6/6
  3200 | D:4      | Reached skill level 5 in Shields
  3424 | D:5      | Entered Level 5 of the Dungeon
  3611 | D:5      | Reached skill level 6 in Axes
  3743 | D:5      | Found a staircase to the Ecumenical Temple.
  3744 | D:5      | Noticed Blork the orc
  3748 | D:5      | Killed Blork the orc
  3789 | Temple   | Entered the Ecumenical Temple
  3962 | Temple   | Became a worshipper of Hepliaklqana the Forgotten
  4139 | D:5      | Reached XP level 8. HP: 60/70 MP: 7/7
  4595 | D:5      | Reached skill level 7 in Axes
  4871 | D:6      | Noticed Edmund
  4899 | D:6      | Killed Edmund
  5409 | D:6      | Reached skill level 8 in Axes
  5464 | D:6      | Reached * piety under Hepliaklqana
  5689 | D:6      | Noticed Maggie
  5702 | D:6      | Identified a scroll of acquirement
  5704 | D:6      | Acquired a manual of Shields
  5990 | D:6      | Killed Maggie
  5991 | D:6      | Reached XP level 9. HP: 20/70 MP: 8/8
  6950 | D:7      | Reached skill level 9 in Axes
  6988 | D:7      | Found Ixkaiq's Weapon Shop.
  7284 | D:7      | Reached skill level 5 in Evocations
  8014 | D:7      | Reached skill level 1 in Stealth
  8198 | D:8      | Reached skill level 10 in Axes
  8198 | D:8      | Reached skill level 1 in Throwing
  8959 | D:8      | Reached XP level 10. HP: 59/79 MP: 9/9
  9737 | D:8      | Reached skill level 11 in Axes
  9798 | D:8      | Noticed Joseph
  9813 | D:8      | Killed Joseph
 10010 | D:8      | Reached ** piety under Hepliaklqana
 10011 | D:8      | Remembered your ancestor Valentine as a battlemage
 10013 | D:8      | Paralysed by a hornet for 2 turns
 10020 | D:8      | Paralysed by a hornet for 2 turns
 10292 | D:8      | Found a staircase to the Lair.
 10484 | D:8      | Noticed a two-headed ogre
 10491 | D:8      | Killed a two-headed ogre
 11817 | D:9      | Found a staircase to the Orcish Mines.
 11907 | D:9      | Noticed a two-headed ogre
 11912 | D:9      | Killed a two-headed ogre
 11913 | D:9      | Reached XP level 11. HP: 53/85 MP: 10/10
 12065 | D:9      | Noticed a two-headed ogre
 12074 | D:9      | Killed a two-headed ogre
 12817 | D:9      | Got the Catalogue of Enchantment
 12841 | D:9      | Reached skill level 12 in Axes
 12843 | D:9      | Reached skill level 10 in Shields
 12914 | D:9      | Noticed a boulder beetle
 12918 | D:9      | Demolished by a boulder beetle

Illustrated notes

Levels and vault maps discovered:
D:1:      ldierk_walled_garden, layout_basic,
          shapermc_ecumenical_altar_rom_forum
D:2:      layout_loops_cross, kennysheep_boxes, uniq_jessica,
          uniq_crazy_yiuf_cottage
D:3:      layout_rooms, serial_shops, shop_statue, skrybe_limestone_x,
          kennysheep_cluttered_room, saegor_snake_ambush
D:4:      layout_loops_ring, serial_shops, nicolae_stop_n_shop_1,
          cheibrodos_gnoll_hut, uniq_eustachio, uniq_robin, uniq_duvessa,
          uniq_ijyb
D:5:      layout_loops_ring, minmay_temple_entry_drinking_statues,
          uniq_blork_the_orc
D:6:      layout_loops_ring, serial_co_window_serial, co_window_paths_a,
          co_window_corner_a, co_window_paths_a, co_window_corner_a,
          co_window_corner_a, co_window_cross_4, co_window_corner_b,
          co_window_broadway_c, co_window_4corner_b, co_window_paths_d,
          glass_columns_a, glass_columns_a, glass_columns_a, glass_columns_a,
          uniq_maggie, uniq_edmund
D:7:      layout_basic, serial_shops, shop, nicolae_grassy_gnolls
D:8:      layout_loops_ring, dpeg_oklobed_lair, kennysheep_small_square,
          uniq_joseph
D:9:      layout_rooms, erik_orc_4, minmay_misc_feat_tower, evilmike_minifort
Temple:   mainiacjoe_temple_hex_bubbles

Skill      XL: |  1  2  3  4  5  6  7  8  9 10 11 |
---------------+----------------------------------+-----
Armour         | 4 5 7 9 |  9.3
Fighting       | 4 5 6 7 8 |  8.8
Shields        | 4 5 6 7 9 10 | 10.0
Evocations     | 1 2 3 4 5 6 |  6.7
Axes           | 3 4 5 6 8 10 11 12 | 12.0
Stealth        | 1 2 |  2.1
Throwing       | 1 4 |  4.3

Action                   |  1- 3 |  4- 6 |  7- 9 | 10-12 || total
-------------------------+-------+-------+-------+-------++-------
Melee: War axe           |    65 |    71 |   344 |   200 ||   680
       Headbutt          |     6 |    15 |    66 |    47 ||   134
Invok: Ancestor Identity |       |       |     1 |       ||     1
       Ancestor Life: Ba |       |       |       |     1 ||     1
Evoke: Wand              |       |       |       |     2 ||     2
  Use: Potion            |       |     1 |       |     7 ||     8
       Scroll            |       |       |    15 |       ||    15
 Stab: Distracted        |       |       |     1 |     4 ||     5
Armor: Scale mail        |    17 |       |       |       ||    17
       Chain mail        |    10 |     4 |       |       ||    14
       Plate armour      |       |    35 |   174 |   145 ||   354
Dodge: Dodged            |    30 |    16 |    66 |    51 ||   163
Block: Buckler           |    14 |    38 |   170 |   141 ||   363
       Reflection        |     2 |     2 |     2 |       ||     6
